 Dungeon Crawl Stone Soup version 0.29-a0-509-g793eeb5391 (webtiles) character file.

Game seed: 78630949880242346

186 Morbidden the Skirmisher (level 5, -2/41 HPs)
             Began as a Demonspawn Fighter on May 29, 2022.
             Killed by divine providence
             ... invoked by an orc priest
              (11 damage)
             ... on level 4 of the Dungeon.
             The game lasted 00:02:23 (2569 turns).

Morbidden the Skirmisher (Demonspawn Fighter)       Turns: 2569, Time: 00:02:24

Health: -2/41      AC:  6    Str: 16    XL:     5   Next: 38%
Magic:  6/6        EV:  9    Int: 17    God:
Gold:   163        SH:  0    Dex: 13    Spells: 4/6 levels left

rFire   . . .      SeeInvis .   a - +0 war axe
rCold   + . .      Faith    .   c - +0 buckler
rNeg    . . .      Spirit   .   b - +0 scale mail
rPois   +          Reflect  .   (helmet restricted)
rElec   +          Harm     .   (no cloak)
rCorr   .          Rampage  .   (no gloves)
Will    .....                   (no boots)
Stlth   ..........              (no amulet)
HPRegen 0.13/turn               l - ring of Sloth {Fly rElec rC+ Int+6}
MPRegen 0.10/turn               n - ring of poison resistance

@: confused, flying
A: antennae 1, large bone plates 1, powered by death 1
a: no special abilities


You were on level 4 of the Dungeon.
You visited 1 branch of the dungeon, and saw 4 of its levels.

You collected 163 gold pieces.

Inventory:

Hand Weapons
 a - a +0 war axe (weapon)
Armour
 b - a +0 scale mail (worn)
 c - a +0 buckler (worn)
Jewellery
 l - the ring of Sloth (left hand) {Fly rElec rC+ Int+6}
   (You found it on level 2 of the Dungeon)

   [ring of intelligence]

   Int:       It affects your intelligence (+6).
   rC:        It protects you from cold.
   rElec:     It insulates you from electricity.
   Fly:       It grants you flight.
 n - a ring of poison resistance (right hand)
 s - a ring of magical power
Scrolls
 h - a scroll of brand weapon {unknown}
 i - a scroll of poison {unknown}
 k - a scroll of immolation {unknown}
 o - a scroll of silence {unknown}
 p - a scroll of torment {unknown}
Potions
 d - 2 potions of might
 e - a potion of mutation {unknown}
 f - a potion of curing {unknown}
 g - a potion of haste {unknown}
 j - 2 potions of degeneration {unknown}
 m - a potion of resistance {unknown}
 q - 2 potions of ambrosia {unknown}
 r - a potion of attraction {unknown}


   Skills:
 * Level 3.6 Fighting
 * Level 3.0 Axes
 * Level 3.5 Armour
 * Level 1.2 Dodging
 + Level 3.0 Shields
 * Level 1.1 Spellcasting
 * Level 0.8 Transmutations


You had 4 spell levels left.
You knew the following spells:

 Your Spells              Type           Power      Damage    Failure   Level
a - Wereblood             Tmut           3%         N/A       71%         2

Your spell library contained the following spells:

 Spells                   Type           Power      Damage    Failure   Level
 Sublimation of Blood     Necr           1%         N/A       83%         2
 Dazzling Flash           Conj/Hex       2%         N/A       96%         3
 Portal Projectile        Hex/Tloc       2%         N/A       96%         3
 Tukima's Dance           Hex            1%         N/A       96%         3
 Iskenderun's Mystic Bla  Conj/Tloc      1%         2d3       100%        4
 Blade Hands              Tmut           1%         N/A       100%        5
 Starburst                Conj/Fire      0%         6d3       100%        6
 Summon Hydra             Summ           0%         N/A       100%        7


Dungeon Overview and Level Annotations

Branches:
Dungeon (4/15)
 Temple: D:4-7

Altars:

Shops:
D:1 (


Innate Abilities, Weirdness & Mutations

You have a pair of small antennae on your head.
You are partially covered in large bone plates. (SH +4)
You regenerate a little health from kills.


Message History

The orc priest looks encouraged for a moment.
You closely miss something. Something completely misses you.
The orc wizard casts a spell.
The orc wizard flickers and vanishes!
Something hits you.
You completely miss something. You hit something.
Reactivating autopickup.
You feel a bit more experienced.
You hit the orc priest.
The orc priest hits you with a +0 dagger.
Something hits you.
Deactivating autopickup; reactivate with Ctrl-A.
Unknown command.
Unknown command.
You barely miss something. You slash the orc priest!
You closely miss the orc priest.
The orc priest calls upon Beogh to heal the orc priest.
The orc priest is healed somewhat.
You hear some strange, mumbled words.
You are confused.
The orc priest calls upon Beogh to heal the orc priest.
The orc priest is healed somewhat.
Something hits you but does no damage.
You are too injured to fight recklessly!
Unknown command.
You are too injured to fight recklessly!
You barely miss the orc priest.
The orc priest is moderately wounded.
You completely miss something. You hit the orc priest.
The orc priest hits you with a +0 hand axe.
* * * LOW HITPOINT WARNING * * *
The orc priest hits you but does no damage.
Something hits you.
* * * LOW HITPOINT WARNING * * *
The orc attacks as you move away! The orc hits you but does no damage.
Something hits you but does no damage.
The orc priest attacks as you move away!
The orc priest barely misses you.
The orc priest calls upon Beogh to heal the orc priest.
The orc priest's wounds heal themselves!
The orc priest mumbles some strange prayers to Beogh against you.
Beogh smites you!
You die...

. ##..........$#...###
..##...........o#...# .
.............$#.#.### #..
.....≈...≈..##...... #...
#.... ...###.#.###
.....##.)#########..#..#
#....!..o{...........#.#
.......oo.).###.#....#...
........@............####
........####.##.#....#
........# #..#.#....#
.<......# ##...#....#
........# #......###
.######## #......#
#[.....# #......#
########


You could see 2 orc priests and an orc.

Vanquished Creatures
  A jelly (D:4)
  2 orc wizards (D:4)
  4 adders
  A worm (D:2)
  4 dart slugs
  7 orcs
  4 endoplasms
  4 giant cockroaches
  6 goblins
  5 hobgoblins
  6 jackals
  A quokka (D:3)
  10 ball pythons
  5 bats
  7 frilled lizards
  8 kobolds
  6 rats (D:1)
81 creatures vanquished.

Notes
Turn   | Place    | Note
-------+----------+-------------------------------------------
     0 | D:1      | Morbidden the Demonspawn Fighter began the quest for the
                  | Orb.
     0 | D:1      | Reached XP level 1. HP: 18/18 MP: 1/1
   200 | D:1      | Gained mutation: You regenerate a little health from kills.
                  | [demonic ancestry]
   200 | D:1      | Reached XP level 2. HP: 23/24 MP: 2/2
   366 | D:1      | Found Ykkiun's Antique Weapon Boutique.
   474 | D:1      | Reached XP level 3. HP: 28/29 MP: 3/3
   602 | D:1      | Learned a level 2 spell: Wereblood
   976 | D:2      | Identified the ring of Sloth {Fly rElec rC+ Int+6}
  1585 | D:2      | Gained mutation: You are partially covered in large bone
                  | plates. (SH +4) [demonic ancestry]
  1585 | D:2      | Reached XP level 4. HP: 35/35 MP: 4/4
  2071 | D:3      | Reached skill level 1 in Dodging
  2546 | D:4      | Reached skill level 1 in Spellcasting
  2546 | D:4      | Gained mutation: You have a pair of small antennae on your
                  | head. [demonic ancestry]
  2546 | D:4      | Reached XP level 5. HP: 35/41 MP: 6/6
  2569 | D:4      | Killed from afar by an orc priest

Illustrated notes

Levels and vault maps discovered:
D:1:      mrwooster_arrival_statue, layout_rooms, serial_shops, shop,
          minivault_5, minmay_unequal
D:2:      layout_basic, serial_co_window_serial, co_window_of_opportunity_a,
          co_window_corner_a, co_window_paths_a, co_window_of_opportunity_a,
          co_window_corner_a, co_window_unsneaky_path_e, co_window_corner_cb,
          co_window_corner_b, co_window_corner_b, co_window_4corner_b,
          glass_columns_a, glass_columns_a, glass_columns_a, glass_columns_a,
          glass_columns_c
D:3:      layout_loops_ring, serial_glass, glass_columns_a, glass_columns_c,
          minmay_misc_feat_roman
D:4:      cheibrodos_pilgrimage, layout_rooms,
          grunt_temple_overflow_forces_of_nature, serial_shops, shop_statue,
          nicolae_lakefront_shop, shop, shop, kennysheep_mini

Skill      XL: |  1  2  3  4  5 |
---------------+----------------+-----
Armour         | 3 |  3.5
Axes           | 2 3 |  3.0
Shields        | 3 |  3.0
Dodging        | 1 |  1.2
Spellcasting   | 1 |  1.1
Fighting       | |  3.6
Transmutations | |  0.8

Action                   |  1- 3 |  4- 6 || total
-------------------------+-------+-------++-------
Melee: War axe           |   116 |    88 ||   204
Armor: Scale mail        |    78 |    38 ||   116
Dodge: Dodged            |    67 |    40 ||   107
Block: Buckler           |    38 |    39 ||    77

Table legend: (Time is in decaauts)
 A = Elapsed time spent in this place.
 B = Non-inter-level travel time spent in this place.
 C = Inter-level travel time spent in this place.
 D = Time resting spent in this place.
 E = Time spent auto-exploring this place.
 F = Levels seen in this place.
 G = Mean time per level.
                   A        B        C        D        E       F      G
               +--------+--------+--------+--------+--------+-----+--------+
         Total |   2653 |   2532 |    121 |      0 |   2006 |   4 |  663.2 |
       Dungeon |   2653 |   2532 |    121 |      0 |   2006 |   4 |  663.2 |
               +--------+--------+--------+--------+--------+-----+--------+

Top non-repeatable levels by time:
     D:2: 930 daAuts
     D:1: 909 daAuts
     D:3: 701 daAuts
     D:4: 112 daAuts
